 Dungeon Crawl Stone Soup version 0.29.0-7-g18a832c13a (webtiles) character file.

Game seed: 13862512867585456790

5756 sanka the Grappler (level 10, -29/98 HPs)
             Began as a Troll Cinder Acolyte on Aug 30, 2022.
             Was a Follower of Okawaru.
             Annihilated by Rupert
             ... wielding a +1 battleaxe of venom
              (39 damage)
             ... on level 13 of the Dungeon.
             The game lasted 00:14:15 (8905 turns).

sanka the Grappler (Troll Cinder Acolyte)           Turns: 8905, Time: 00:14:16

Health: -29/98     AC:  6    Str: 24    XL:     10   Next: 49%
Magic:  0/19       EV: 12    Int: 10    God:    Okawaru [*.....]
Gold:   727        SH:  0    Dex: 15    Spells: 11/11 levels left

rFire   . . .      SeeInvis .   b - +4 long sword (flame)
rCold   . . .      Faith    .   (no shield)
rNeg    . . .      Spirit   +   a - +0 robe
rPois   +          Reflect  .   (helmet restricted)
rElec   .          Harm     .   u - +1 cloak {rPois}
rCorr   .          Rampage  .   (gloves unavailable)
Will    .....                   (boots unavailable)
Stlth   +.........              s - amulet of guardian spirit
HPRegen 1.06/turn               d - +6 ring of dexterity
MPRegen 0.16/turn               y - ring of magical power

@: about to teleport, slowed, studying Armour, fire susceptible, very slow
A: large, unfitting armour, claws 3, regeneration 1, shaggy fur 1, tough skin 1
a: Renounce Religion, Heroism


You were on level 13 of the Dungeon.
You worshipped Okawaru.
Okawaru was aware of your devotion.
You visited 2 branches of the dungeon, and saw 14 of its levels.
You also visited: Ossuary.

You collected 727 gold pieces.


Innate Abilities, Weirdness & Mutations

You are too large for most types of armour.
You have claws for hands.
Your natural rate of healing is unusually fast.
You are covered in fur. (AC +1)
You have tough skin. (AC +1)


   Skills:
 - Level 6.3 Fighting
 - Level 5.7 Dodging
 - Level 12.7 Unarmed Combat
 - Level 1.0 Spellcasting
 - Level 2.1 Fire Magic
 + Level 0.0 Invocations


You had 11 spell levels left.
You didn't know any spells.
Your spell library contained the following spells:

 Spells                   Type           Power      Damage    Failure   Level
 Scorch                   Fire           8%         2d5       22%         2
 Apportation              Tloc           0%         N/A       34%         1
 Ensorcelled Hibernation  Hex/Ice        0%         N/A       45%         2
 Dazzling Flash           Conj/Hex       0%         N/A       71%         3
 Gell's Gravitas          Tloc           0%         N/A       71%         3
 Lesser Beckoning         Tloc           0%         N/A       71%         3
 Teleport Other           Tloc           0%         N/A       71%         3
 Anguish                  Hex/Necr       0%         N/A       98%         4
 Iskenderun's Mystic Bla  Conj/Tloc      0%         2d3       98%         4
 Starburst                Conj/Fire      1%         6d3       100%        6
 Enfeeble                 Hex            0%         N/A       100%        7
 Summon Ice Beast         Ice/Summ       Unusable   N/A       N/A         4
 Summon Mana Viper        Hex/Summ       Unusable   N/A       N/A         5
 Monstrous Menagerie      Summ           Unusable   N/A       N/A         7

Inventory:

Hand Weapons
 b - a +4 long sword of flaming (weapon)
Missiles
 E - 4 silver javelins
Armour
 a - a +0 robe (worn)
 u - a +1 cloak of poison resistance (worn)
Magical Staves
 g - a staff of poison
 K - a staff of cold
Jewellery
 d - a +6 ring of dexterity (left claw)
 k - a ring of see invisible
 m - a ring of resist corrosion
 s - an amulet of guardian spirit (around neck)
 y - a ring of magical power (right claw)
 z - an amulet of the acrobat
 I - an amulet of reflection
Wands
 A - a wand of acid (4) (quivered)
 D - a wand of paralysis (20)
 J - a wand of flame (18)
 L - a wand of mindburst (6)
Scrolls
 c - a scroll of fear
 e - a scroll of summoning {unknown}
 f - 4 scrolls of poison
 h - a scroll of butterflies {unknown}
 p - 5 scrolls of teleportation {@r4}
 q - 2 scrolls of vulnerability {unknown}
 r - 2 scrolls of noise {!r}
 v - 2 scrolls of magic mapping
 C - 2 scrolls of immolation {!r}
 F - a scroll of enchant armour
Potions
 i - 7 potions of curing {@q1}
 j - 2 potions of attraction {unknown}
 l - 3 potions of degeneration {unknown}
 n - 2 potions of brilliance {unknown}
 o - 3 potions of lignification {unknown}
 t - 2 potions of berserk rage {!q}
 w - 2 potions of cancellation {unknown}
 x - 2 potions of flight {unknown}
 B - a potion of heal wounds {unknown}
 G - a potion of resistance {unknown}
 M - a potion of haste {unknown}
 N - a potion of mutation {unknown}

Dungeon Overview and Level Annotations

Branches:
Dungeon (14/15)            Temple (1/1) D:5         Ossuary (visited)
   Lair: D:8-11         Orc: D:9-12      Vaults: D:13-14

Altars:
Ashenzari
Cheibriados
Dithmenos
Elyvilon
Fedhas
Gozag
Hepliaklqana
Kikubaaqudgha
Makhleb
Nemelex Xobeh
Okawaru
Qazlal
Ru
Sif Muna
Trog
Uskayaw
Vehumet
Wu Jian
Xom
Yredelemnul
Zin
The Shining One

Annotations:
D:5 1 runed translucent door, sentinel's ghost, amateur MeEE
D:13 Rupert

...▒.....
▒▒.......
.......▒▒▒▒
......... ▒
......▒
▒▒▒.▒.......▒
▒>....▒▒....▒
▒...D...T£..▒
▒.....▒▒▒@..▒
......▒ ..>▒
......▒ ..)▒
▒......▒
.....
▒...▒▒▒▒
...... ▒▒▒..
...▒▒▒▒ ...▒


You could see Rupert (berserk) and a four-headed hydra (corroded).


Message History

Aiming: Corrosive Bolt
Aim: a four-headed hydra (heavily wounded, 90% to hit)
The bolt of acid hits the four-headed hydra!
The acid corrodes the four-headed hydra!
The four-headed hydra is severely wounded.
The four-headed hydra bites you.
* * * LOW HITPOINT WARNING * * *
The four-headed hydra bites you!
* * * LOW HITPOINT WARNING * * *
The four-headed hydra bites you.
* * * LOW HITPOINT WARNING * * *
The four-headed hydra bites you.
* * * LOW HITPOINT WARNING * * *
Unknown command.
Okay, then.
Blink to where?
Rupert the Wild comes into view.
He is wielding a +1 battleaxe of venom and wearing a +2 scale mail of willpower.
Found 21 gold pieces and a falchion.
Found an escape hatch in the floor.
As you read the scroll of blinking, it crumbles to dust.
Rupert shouts!
Rupert roars madly and goes into a rage!
Rupert goes berserk!
As you read the scroll of teleportation {@r4}, it crumbles to dust.
You feel strangely unstable. Rupert hits you but does no damage.
Unknown command.
Rupert attacks as you move away!
Rupert hits you with a +1 battleaxe of venom!!!
You die...

Action                   |  1- 3 |  4- 6 |  7- 9 | 10-12 || total
-------------------------+-------+-------+-------+-------++-------
Melee: Unarmed           |   104 |   152 |   272 |   162 ||   690
       Punch             |     1 |     5 |    10 |     9 ||    25
       Long sword        |       |       |       |     3 ||     3
Evoke: Wand              |       |       |       |     3 ||     3
  Use: Scroll            |       |       |       |    17 ||    17
       Potion            |       |       |       |     3 ||     3
 Stab: Sleeping          |     1 |       |       |       ||     1
Armor: Robe              |    33 |    42 |    61 |    69 ||   205
Dodge: Dodged            |    44 |    84 |    89 |   108 ||   325

Levels and vault maps discovered:
D:1:      dpeg_arrival_ternary, layout_basic
D:2:      layout_loops_ring, basic_altar, minmay_goblin_kobold_house
D:3:      layout_rooms, hellmonk_ecumenical_altar_heavens_door,
          uniq_crazy_yiuf_cottage
D:4:      layout_loops_corners, nicolae_tso_swordbearing_angel, enter_ossuary_3,
          uniq_menkaure
D:5:      layout_basic, minmay_temple_entry_offerings,
          ebering_ghost_reflecting_pool, uniq_sigmund, uniq_ijyb
D:6:      layout_loops_ring, uniq_duvessa, uniq_prince_ribbit1, uniq_pikel
D:7:      layout_loops_ring, minmay_misc_feat_pillars, minmay_misc_feat_enclosed
D:8:      layout_loops_ring, uniq_psyche
D:9:      layout_loops_cross, nicolae_overflow_quartered_altars,
          mainiacjoe_overflow_paths, nicolae_titane
D:10:     layout_irregular_city, lemuel_crystal_altar, columned_hall_lemuel
D:11:     kennysheep_blocky_hall, layout_loops_ring, lair_entry_dummy,
          minmay_misc_feat_rugged, dreamdust_mushroom_princess
D:13:     layout_basic, skrybe_vaults_entry_preservation, uniq_rupert,
          uniq_josephine
D:14:     layout_rooms, minmay_misc_feat_doors, uniq_nessos
Temple:   minmay_freezing_vapour_temple

Notes
Turn   | Place    | Note
-------+----------+-------------------------------------------
     0 | D:1      | sanka the Troll Cinder Acolyte began the quest for the Orb.
     0 | D:1      | Reached XP level 1. HP: 22/22 MP: 1/1
   135 | D:1      | Reached XP level 2. HP: 27/29 MP: 2/2
   338 | D:1      | Reached skill level 4 in Unarmed Combat
   641 | D:2      | Reached XP level 3. HP: 36/36 MP: 3/3
  1039 | D:2      | Found an ornate altar of the Wu Jian Council.
  1217 | D:3      | Reached XP level 4. HP: 38/44 MP: 4/4
  1223 | D:3      | Reached skill level 5 in Unarmed Combat
  1605 | D:3      | Found a faded altar of an unknown god.
  1625 | D:3      | Reached XP level 5. HP: 41/50 MP: 5/5
  1679 | D:3      | Reached skill level 6 in Unarmed Combat
  1780 | D:3      | Found a runed translucent door.
  1781 | D:3      | Noticed Crazy Yiuf
  2096 | D:3      | Killed Crazy Yiuf
  2214 | D:4      | Found a sand-covered staircase.
  2222 | Ossuary  | Entered an ossuary
  2253 | Ossuary  | Reached XP level 6. HP: 57/59 MP: 6/6
  2268 | Ossuary  | Reached skill level 7 in Unarmed Combat
  2464 | D:4      | Reached skill level 8 in Unarmed Combat
  2464 | D:4      | Reached XP level 7. HP: 66/66 MP: 7/7
  2796 | D:4      | Noticed Menkaure
  2808 | D:4      | Killed Menkaure
  3275 | D:4      | Reached skill level 9 in Unarmed Combat
  3295 | D:4      | Found a glowing golden altar of the Shining One.
  3389 | D:5      | Entered Level 5 of the Dungeon
  3489 | D:5      | Reached XP level 8. HP: 73/74 MP: 8/8
  3496 | D:5      | Reached skill level 10 in Unarmed Combat
  3634 | D:5      | Noticed Ijyb
  3643 | D:5      | Killed Ijyb
  3746 | D:5      | Noticed Sigmund
  3764 | D:5      | Killed Sigmund
  4050 | D:5      | Found a staircase to the Ecumenical Temple.
  4053 | D:5      | Found a runed translucent door.
  4061 | Temple   | Entered the Ecumenical Temple
  4077 | D:5      | Noticed sentinel's ghost (amateur MeEE)
  4397 | D:6      | Noticed Duvessa
  4403 | D:6      | Noticed Dowan
  4407 | D:6      | Killed Duvessa
  4408 | D:6      | Reached skill level 1 in Dodging
  4409 | D:6      | Killed Dowan
  4410 | D:6      | Reached skill level 3 in Fighting
  4410 | D:6      | Reached skill level 11 in Unarmed Combat
  4583 | D:6      | Reached skill level 2 in Dodging
  4607 | D:6      | Noticed Pikel
  4612 | D:6      | Paralysed by Pikel for 3 turns
  4627 | D:6      | Killed Pikel
  4628 | D:6      | Reached XP level 9. HP: 63/84 MP: 4/9
  4737 | D:6      | Reached skill level 4 in Fighting
  4746 | D:6      | Reached skill level 3 in Dodging
  5020 | D:6      | Noticed Prince Ribbit
  5045 | D:6      | Killed Prince Ribbit
  5330 | D:7      | Reached skill level 4 in Dodging
  5663 | D:7      | Reached skill level 5 in Fighting
  5673 | D:7      | Reached skill level 12 in Unarmed Combat
  5989 | D:8      | Noticed Psyche
  6001 | D:8      | Killed Psyche
  6002 | D:8      | Reached XP level 10. HP: 83/96 MP: 8/10
  6216 | D:8      | Reached skill level 5 in Dodging
  6934 | Temple   | Fell from the grace of Ignis
  6934 | Temple   | Became a worshipper of Warmaster Okawaru
  7226 | D:9      | Reached skill level 6 in Fighting
  7333 | D:9      | Found a hide-covered altar of Uskayaw.
  7406 | D:9      | Got the Commentary on Congealing Shifting
  7525 | D:9      | Found a stormy altar of Qazlal.
  7526 | D:9      | Found a blossoming altar of Fedhas.
  7526 | D:9      | Found an ancient bone altar of Kikubaaqudgha.
  7544 | D:9      | Found an ornate altar of the Wu Jian Council.
  7836 | D:10     | Entered Level 10 of the Dungeon
  8096 | D:10     | Found a shimmering blue altar of Sif Muna.
  8236 | D:10     | Reached * piety under Okawaru
  8893 | D:14     | Noticed a salamander
  8893 | D:14     | Noticed a lindwurm
  8893 | D:14     | a salamander changed into a lindwurm
  8897 | D:13     | Noticed a seven-headed hydra
  8902 | D:13     | HP: 8/98 [four-headed hydra (14)]
  8903 | D:13     | Noticed Rupert
  8905 | D:13     | Annihilated by Rupert

Vanquished Creatures
  Pikel (D:6)
  Psyche (D:8)
  Prince Ribbit (D:6)
  A shadow (D:10)
  Sigmund (D:5)
  A wraith (D:10)
  7 fire elementals
  2 steam dragons
  Menkaure (D:4)
  A water moccasin (D:7)
  Duvessa (D:6)
  3 orc warriors
  2 black bears
  3 sky beasts (D:7)
  An ogre (D:6)
  2 centaurs
  4 lemures (D:6)
  2 phantoms
  3 elf zombies (Ossuary)
  4 necrophages
  2 kobold brigands (D:8)
  A bullfrog (D:8)
  A gnoll sergeant (D:6)
  3 scorpions
  3 wights (D:10)
  Dowan (D:6)
  3 killer bees (D:9)
  11 howler monkeys
  A human zombie (Ossuary)
  5 hounds
  7 orc priests
  Crazy Yiuf (D:3)
  A gnoll bouda (D:8)
  A jelly (D:5)
  4 iguanas
  Ijyb (D:5)
  2 orc wizards
  2 mummies (Ossuary)
  6 adders
  11 gnolls
  2 white imps
  An ufetubus (D:4)
  2 worms (D:3)
  2 dart slugs
  42 orcs
  6 endoplasms
  5 giant cockroaches
  10 goblins
  8 hobgoblins
  4 jackals (D:4)
  6 quokkas
  6 ball pythons
  7 bats
  2 frilled lizards
  2 gnoll zombies (Ossuary)
  5 goblin zombies (Ossuary)
  3 hobgoblin zombies
  18 kobolds
  An orc zombie (Ossuary)
  4 rats
245 creatures vanquished.
